 Dungeon Crawl Stone Soup version 0.19-a0-1019-g9c6a58d (webtiles) character file.

40 matakusis the Grave Robber (level 3, -1/24 HPs)
             Began as a Vampire Necromancer on July 26, 2016.
             Slain by a jackal (2 damage)
             ... on level 2 of the Dungeon.
             The game lasted 00:03:27 (1094 turns).

matakusis the Grave Robber (Vampire Necromancer)    Turns: 1094, Time: 00:03:28

Health: -1/24      AC:  2    Str:  7    XL:     3   Next: 30%
Magic:  0/6        EV: 13    Int: 17    God:
Gold:   76         SH:  0    Dex: 15    Spells: 1 memorised, 5 levels left

rFire  . . .     SeeInvis +     (no weapon)
rCold  + . .     Gourm    .     a - +0 robe
rNeg   + + .     Faith    .     (no shield)
rPois  +         Spirit   .     (no helmet)
rElec  .         Dismiss  +     (no cloak)
rCorr  .         Reflect  .     (no gloves)
SustAt .         Harm     .     (no boots)
MR     .....                    g - amulet of dismissal
Stlth  +++.......               (no ring)
                                (no ring)

@: regenerating slowly, not resistant to hostile enchantments, fairly stealthy
A: fangs 3, see invisible, unbreathing
a: Bat Form


You were on level 2 of the Dungeon.
You were thirsty.

You visited 1 branch of the dungeon, and saw 2 of its levels.

You collected 76 gold pieces.

Inventory:

Armour
 a - a +0 robe (worn)
Jewellery
 g - an amulet of dismissal (around neck)
Scrolls
 f - a scroll of identify {unknown}
 i - a scroll of magic mapping {unknown}
 j - a scroll of enchant armour {unknown}
Potions
 c - 7 potions of blood
 d - a potion of cure mutation {unknown}
 e - a potion of lignification {unknown}
 h - a potion of heal wounds {unknown}
Books
 b - a book of Necromancy

   Spells                             Type                      Level
   a - Pain                           Necromancy                   1
   b - Animate Skeleton               Necromancy                   1
   c - Vampiric Draining              Necromancy                   3
   d - Regeneration                   Charms/Necromancy            3
   e - Animate Dead                   Necromancy                   4
   f - Control Undead                 Necromancy                   4


   Skills:
 - Level 2.1 Dodging
 * Level 3.4 Stealth
 + Level 2.3 Spellcasting
 + Level 5.2 Necromancy


You had 5 spell levels left.
You knew the following spells:

 Your Spells              Type           Power        Failure   Level  Hunger
a - Pain                  Necr           ###.         2%          1    #......


Dungeon Overview and Level Annotations

Branches:
Dungeon (2/15)

Altars:


Innate Abilities, Weirdness & Mutations

You heal slowly.
You have razor-sharp teeth.
You have supernaturally acute eyesight. (SInv)
You can survive without breathing.


Message History

Aiming: Pain
Press: ? - help, Shift-Dir - straight line, f/p - hobgoblin
Aim: a hobgoblin, wielding a club (almost dead, chance to defeat MR: 94%)
The hobgoblin barely resists.
The hobgoblin barely misses you.
Casting: Pain
Confirm with . or Enter, or press ? or * to list all spells.
You don't have enough magic to cast that spell.
Unknown command.
You hit the hobgoblin but do no damage.
The hobgoblin is almost dead.
The hobgoblin misses you.
You hit the hobgoblin.
You kill the hobgoblin!
The jackal bites you.
* * * LOW HITPOINT WARNING * * *
You closely miss the jackal. The jackal closely misses you.
You closely miss the jackal. The jackal bites you.
* * * LOW HITPOINT WARNING * * *
The jackal bites you.
You die...

####### ###).†...! ♣
#@h..).... ..
##.#.####.# ...
##......##.#
.#.(##..........#
........[.......#
#.##............####..
#>.$.)............(..
####.............###..
##....%....<.......


You could see a jackal.

Vanquished Creatures
  A gnoll (D:1)
  An ooze (D:1)
  2 giant geckos
  4 giant cockroaches
  3 goblins
  4 hobgoblins
  A jackal (D:2)
  A kobold (D:2)
  A ball python (D:1)
  A bat (D:1)
  3 rats (D:1)
22 creatures vanquished.

Notes
Turn   | Place    | Note
-------+----------+-------------------------------------------
     0 | D:1      | matakusis the Vampire Necromancer began the quest for the Orb.
     0 | D:1      | Reached XP level 1. HP: 13/13 MP: 3/3
   250 | D:1      | Reached XP level 2. HP: 13/19 MP: 0/5
   565 | D:1      | Reached skill level 5 in Necromancy
   658 | D:1      | Reached XP level 3. HP: 9/24 MP: 0/6
  1094 | D:2      | HP: 1/24 [jackal (2)]
  1094 | D:2      | Slain by a jackal

Vault maps used:
D:1:      scummos_arrival_simple_fountains
D:2:      gammafunk_temple_overflow_elements, ecumenical_altar_2,
          okawaru_trees_2

Skill      XL: |  1  2 |
---------------+-------+-----
Necromancy     | 5 |  5.2
Dodging        | |  2.1
Stealth        | |  3.4
Spellcasting   | |  2.3

Action                   || total
-------------------------++-------
Melee: Unarmed           ||    24
       Bite              ||     2
 Cast: Pain              ||    38
Dodge: Dodged            ||    16
